 Dungeon Crawl Stone Soup version 0.27-a0-732-ga892ba84f6 (webtiles) character file.

Game seed: 3867753177668293609

285 robertstho the Sneak (level 6, -2/43 HPs)
             Began as an Octopode Berserker on Mar 23, 2021.
             Was a Believer of Trog.
             Slain by an orc
             ... wielding a +0 mace
              (9 damage)
             ... on level 4 of the Dungeon.
             The game lasted 00:02:51 (2422 turns).

robertstho the Sneak (Octopode Berserker)           Turns: 2422, Time: 00:02:52

Health: -2/43      AC:  1    Str: 18    XL:     6   Next: 29%
Magic:  6/6        EV: 13    Int: 10    God:    Trog [**....]
Gold:   139        SH:  0    Dex: 11    Spells: 5/5 levels left

rFire    . . .     SeeInvis .   a - +0 short sword
rCold    . . .     Faith    .   (no shield)
rNeg     . . .     Spirit   .   (helmet restricted)
rPois    .         Reflect  .   e - amulet of regeneration
rElec    .         Harm     .   (no ring)
rCorr    .         Rampage  .   (no ring)
Will     .....                  (no ring)
Stlth    ++++......             (no ring)
HPRegen  1.14/turn              (no ring)
MPRegen  0.10/turn              (no ring)
                                (no ring)
                                (no ring)

@: studying Shields
A: almost no armour, amphibious, 8 rings, camouflage 1, gelatinous body 1,
nimble swimmer 1, tentacles
a: Renounce Religion, Berserk, Trog's Hand


You were on level 4 of the Dungeon.
You worshipped Trog.
Trog was pleased with you.
You visited 1 branch of the dungeon, and saw 4 of its levels.

You collected 139 gold pieces.

Inventory:

Hand Weapons
 a - a +0 short sword (weapon)
Jewellery
 e - an amulet of regeneration (around mantle)
 j - a ring of ice
Wands
 l - a wand of paralysis (22)
Scrolls
 c - 2 scrolls of immolation {unknown}
 d - a scroll of enchant armour {unknown}
 g - 2 scrolls of identify {unknown}
 i - a scroll of magic mapping {unknown}
 k - a scroll of enchant weapon {unknown}
 m - a scroll of vulnerability {unknown}
Potions
 b - a potion of mutation {unknown}
 f - 2 potions of heal wounds {unknown}
 h - 2 potions of lignification {unknown}


   Skills:
 * Level 4.2 Fighting
 + Level 4.0 Short Blades
 + Level 3.5 Dodging
 * Level 5.7 Stealth


You had 5 spell levels left.
You didn't know any spells.
Your spell library was empty.

Dungeon Overview and Level Annotations

Branches:
Dungeon (4/15)             Temple (0/1) D:4

Altars:
Ashenzari
Cheibriados
Elyvilon
Nemelex Xobeh
Qazlal
Trog

Shops:
D:1 [!


Innate Abilities, Weirdness & Mutations

You cannot wear most types of armour.
You are amphibious.
You can wear up to eight rings at the same time.
Your skin changes colour to match your surroundings (Stealth+).
Your rubbery body absorbs attacks. (AC +1, EV +1)
You are stealthy while swimming. (Stealth+)
You have tentacles for arms and can constrict up to eight enemies at once.


Message History

You are too confused!
You are too confused!
You are too confused!
You are too confused!
You are too confused!
You are too confused!
You are too confused!
You are too confused!
Unknown command.
You miss the orc. Your squeeze misses the orc. You constrict the orc wizard.
The orc wizard hits you with a +0 dagger.
You hit the orc wizard but do no damage.
The orc wizard is severely wounded.
You constrict the orc wizard. The orc misses you.
The orc completely misses you.
The orc wizard gestures at you while chanting.
The magic dart hits you.
You hit the orc wizard.
The orc wizard is almost dead.
You constrict the orc wizard.
You kill the orc wizard!
Trog accepts your kill.
Trog appreciates your killing of a magic user.
The orc closely misses you. The orc hits you with a +0 mace.
Your Short Blades skill increases to level 4!
You hit the orc but do no damage.
An orc comes into view. It is wielding a +0 falchion.
The orc closely misses you. The orc hits you with a +0 mace!
The orc shouts!
You hit the orc. You squeeze the orc, but do no damage.
The orc is almost dead.
The orc hits you with a +0 mace. x2
You barely miss the orc. The orc hits you with a +0 mace!
* * * LOW HITPOINT WARNING * * *
The orc hits you with a +0 mace.
* * * LOW HITPOINT WARNING * * *
Okay, then.
You feel less confused. The orc hits you with a +0 mace!
You die...

..: .. #######
######### .
#.....#######.......#
#.###....[.)...@.o..#.#
#....########.oo).....#
####.## #...........##
#..## #...###.....#
##..###.......#####
######..##...# .#
##########
#....##......# .#
#.........
#....####.#.## ##
#......... #....#
#....# #.........


You could see 3 orcs.

Vanquished Creatures
  A scorpion (D:4)
  An orc priest (D:4)
  An iguana (D:4)
  A worker ant (D:4)
  An orc wizard (D:4)
  4 gnolls
  3 adders
  3 worms
  2 dart slugs
  5 orcs (D:4)
  A goblin (D:1)
  4 hobgoblins
  2 jackals (D:1)
  10 oozes
  6 quokkas
  2 ball pythons (D:1)
  A bat (D:1)
  4 frilled lizards
  4 kobolds
  A rat (D:2)
57 creatures vanquished.

Notes
Turn   | Place    | Note
-------+----------+-------------------------------------------
     0 | D:1      | robertstho the Octopode Berserker began the quest for the
                  | Orb.
     0 | D:1      | Reached XP level 1. HP: 16/16 MP: 1/1
    39 | D:1      | Found Ysulood's Distillery.
    44 | D:1      | Found Gaqacios's Armour Emporium.
    77 | D:1      | Reached XP level 2. HP: 8/21 MP: 2/2
   307 | D:1      | Reached skill level 1 in Stealth
   448 | D:1      | Reached XP level 3. HP: 24/26 MP: 3/3
  1087 | D:2      | Found a faded altar of an unknown god.
  1541 | D:2      | Found a broken altar of Ashenzari.
  1546 | D:2      | Found a stormy altar of Qazlal.
  1548 | D:2      | Found a white marble altar of Elyvilon.
  1549 | D:2      | Found a snail-covered altar of Cheibriados.
  1551 | D:2      | Found a bloodstained altar of Trog.
  1556 | D:2      | Found a sparkling altar of Nemelex Xobeh.
  1750 | D:3      | Reached ** piety under Trog
  1812 | D:3      | Reached skill level 2 in Stealth
  1907 | D:3      | Reached XP level 4. HP: 33/33 MP: 4/4
  2066 | D:3      | Reached skill level 3 in Stealth
  2105 | D:4      | Reached skill level 4 in Stealth
  2105 | D:4      | Reached XP level 5. HP: 28/37 MP: 5/5
  2218 | D:4      | Reached skill level 5 in Stealth
  2299 | D:4      | Reached XP level 6. HP: 43/43 MP: 6/6
  2336 | D:4      | Found a staircase to the Ecumenical Temple.
  2422 | D:4      | Slain by an orc

Illustrated notes

Levels and vault maps discovered:
D:1:      dpeg_arrival_round_c, layout_loops_ring, serial_shops, shop_statue,
          shop
D:2:      layout_loops_ring, minitemple, chequers_ecumenical_altar_simple
D:3:      layout_rooms
D:4:      layout_rooms, minmay_temple_entry_offerings

Skill      XL: |  1  2  3  4  5  6 |
---------------+-------------------+-----
Stealth        | 1 2 4 5 |  5.7
Fighting       | 4 |  4.2
Short Blades   | 4 |  4.0
Dodging        | |  3.5

Action                   |  1- 3 |  4- 6 || total
-------------------------+-------+-------++-------
Melee: Short sword       |    58 |    47 ||   105
       Tentacles         |    13 |     6 ||    19
       Constrict         |    12 |    12 ||    24
Invok: Berserk           |     1 |     2 ||     3
 Stab: Sleeping          |     8 |     7 ||    15
       Distracted        |     1 |       ||     1
Armor: Skin              |     2 |     2 ||     4
Dodge: Dodged            |    28 |    20 ||    48

Table legend: (Time is in decaauts)
 A = Elapsed time spent in this place.
 B = Non-inter-level travel time spent in this place.
 C = Inter-level travel time spent in this place.
 D = Time resting spent in this place.
 E = Time spent auto-exploring this place.
 F = Levels seen in this place.
 G = Mean time per level.
                   A        B        C        D        E       F      G
               +--------+--------+--------+--------+--------+-----+--------+
         Total |   2442 |   2364 |     78 |      4 |   1932 |   4 |  610.5 |
       Dungeon |   2442 |   2364 |     78 |      4 |   1932 |   4 |  610.5 |
               +--------+--------+--------+--------+--------+-----+--------+

Top non-repeatable levels by time:
     D:1: 1038 daAuts
     D:2: 672 daAuts
     D:3: 400 daAuts
     D:4: 329 daAuts
